 Dungeon Crawl Stone Soup version 0.21-a0-94-gdd6ab6a (webtiles) character file.

139 sagitran the Gusty (level 5, -2/28 HPs)
             Began as a Tengu Air Elementalist on July 3, 2017.
             Splashed by Ijyb's acid (10 damage)
             ... on level 3 of the Dungeon.
             The game lasted 00:18:29 (3002 turns).

sagitran the Gusty (Tengu Air Elementalist)         Turns: 3002, Time: 00:18:34

Health: -2/28      AC:  3    Str:  8    XL:     5   Next: 22%
Magic:  15/18      EV: 13    Int: 16    God:
Gold:   190        SH:  0    Dex: 15    Spells: 3/9 levels left

rFire    . . .     SeeInvis .   r - -2 mace (curse)
rCold    . . .     Gourm    .   (no shield)
rNeg     . . .     Faith    .   a - +0 robe
rPois    .         Spirit   .   (helmet restricted)
rElec    .         Reflect  .   t - +0 cloak
rCorr    .         Harm     .   (no gloves)
MR       .....                  (boots unavailable)
Stlth    ++........             p - amulet of rage
HPRegen  0.09/turn              e - ring of magical power
MPRegen  0.16/turn              (no ring)

@: very slightly contaminated
A: beak, talons 3, able to fly 1
a: Fly, Evoke Berserk Rage


You were on level 3 of the Dungeon.
You were not hungry.

You visited 1 branch of the dungeon, and saw 4 of its levels.

You collected 190 gold pieces.

Inventory:

Hand Weapons
 g - a +0 dagger
 r - a cursed -2 mace (weapon)
 u - a +2 hand axe of chopping
Armour
 a - a +0 robe (worn)
 t - a +0 cloak (worn)
Jewellery
 e - a ring of magical power (left hand)
 p - an amulet of rage (around neck)
Scrolls
 d - 2 scrolls of fear
 f - 3 scrolls of magic mapping
 h - a scroll of teleportation
 i - a scroll of immolation
 n - a scroll of noise {unknown}
 s - a scroll of enchant armour {unknown}
Potions
 c - a potion of might {unknown}
 k - 2 potions of cancellation
 m - a potion of brilliance
Books
 b - a book of Air

   Spells                             Type                      Level
   a - Shock                          Conjuration/Air              1
   b - Swiftness                      Charms/Air                   2
   c - Static Discharge               Conjuration/Air              3
   d - Airstrike                      Air                          4
   e - Lightning Bolt                 Conjuration/Air              5
Comestibles
 j - 2 fruits
 o - 2 meat rations


   Skills:
 + Level 0.2 Fighting
 + Level 1.0 Short Blades
 + Level 2.7 Dodging
 + Level 2.6 Stealth
 + Level 2.6 Spellcasting
 + Level 2.8 Conjurations
 + Level 5.5 Air Magic


You had 3 spell levels left.
You knew the following spells:

 Your Spells              Type           Power        Failure   Level  Hunger
a - Shock                 Conj/Air       ###.         3%          1    #......
b - Swiftness             Chrm/Air       ##......     10%         2    ##.....
c - Static Discharge      Conj/Air       ###.....     11%         3    ###....


Dungeon Overview and Level Annotations

Branches:
Dungeon (4/15)
 Temple: D:4-7

Altars:

Annotations:
D:3 Ijyb


Innate Abilities, Weirdness & Mutations

You have a beak for a mouth.
You have claws for feet.
You can fly.


Message History

Aiming: Shock
Press: ? - help, Shift-Dir - straight line, f/p - Ijyb
Aim: Ijyb, wearing a scale mail The zap hits Ijyb.
Ijyb is lightly wounded.
Press: ? - help, v - describe, . - travel
Here: Ijyb, wearing a scale mail (lightly wounded)
The floor.
Casting: Shock
Confirm with . or Enter, or press ? or * to list all spells.
Aiming: Shock
Press: ? - help, Shift-Dir - straight line, f/p - Ijyb
Aim: Ijyb, wearing a scale mail (lightly wounded)
You miscast Shock.
You are very lightly contaminated with residual magic.
Nothing appears to happen.
Ijyb zaps a wand.
The bolt of acid hits you!
Ouch! That really hurt!
* * * LOW HITPOINT WARNING * * *
You are splashed with acid!
The acid burns!
You die...

#.###.##.###.## #.#
#.##.# #)# ###.###.##.#
#.# #.......##.###'##
#.#.######.##...# #.#.##
#.#.....
#.#..#####.......
#.######.#.....(........
....g..@................
#.######.#(..####.......
#.##.## ##...... #.#
##..... #.# ##...# #.##
##+## #..# .# ##.#
####.## #.# #......


You could see Ijyb.

Vanquished Creatures
  5 adders
  An ooze (D:2)
  A worm (D:2)
  A dart slug (D:1)
  A leopard gecko (D:1)
  4 orcs
  A ball python (D:2)
  12 bats
  4 giant cockroaches (D:1)
  14 goblins
  11 hobgoblins
  2 jackals (D:2)
  7 frilled lizards
  6 kobolds
  4 rats
74 creatures vanquished.

Notes
Turn   | Place    | Note
-------+----------+-------------------------------------------
     0 | D:1      | sagitran the Tengu Air Elementalist began the quest for the Orb.
     0 | D:1      | Reached XP level 1. HP: 10/10 MP: 4/4
   308 | D:2      | Reached XP level 2. HP: 15/15 MP: 6/6
   582 | D:1      | Learned a level 2 spell: Swiftness
   692 | D:1      | Reached XP level 3. HP: 12/19 MP: 7/7
   697 | D:1      | Learned a level 3 spell: Static Discharge
  1459 | D:2      | Reached skill level 5 in Air Magic
  1491 | D:2      | Reached XP level 4. HP: 17/24 MP: 8/8
  2154 | D:3      | Reached skill level 1 in Short Blades
  2335 | D:2      | Gained mutation: You can fly. [Tengu growth]
  2335 | D:2      | Reached XP level 5. HP: 28/28 MP: 9/9
  2998 | D:3      | Noticed Ijyb
  3002 | D:3      | Splashed by Ijyb's acid

Vault maps used:
D:1:      dpeg_arrival_solitude
D:2:      guppyfry_early_orc_mine
D:3:      chequers_ecumenical_altar_grove, uniq_ijyb, uniq_robin
D:4:      kennysheep_little_box, gammafunk_temple_overflow_statue,
          minmay_temple_entry_overgrown, first_bread, uniq_pikel

Skill      XL: |  1  2  3  4 |
---------------+-------------+-----
Air Magic      | 5 |  5.5
Conjurations   | 2 |  2.8
Short Blades   | 1 |  1.0
Fighting       | |  0.2
Dodging        | |  2.7
Stealth        | |  2.6
Spellcasting   | |  2.6

Action                   |  1- 3 |  4- 6 || total
-------------------------+-------+-------++-------
Melee: Dagger            |    59 |    74 ||   133
       Kick              |    10 |    13 ||    23
       Peck              |     6 |    11 ||    17
 Cast: Shock             |    51 |    29 ||    80
       Static Discharge  |       |     7 ||     7
  Use: Scroll            |     5 |     2 ||     7
 Stab: Sleeping          |     2 |     2 ||     4
  Eat: Bread ration      |     1 |     1 ||     2
Armor: Robe              |    10 |    23 ||    33
Dodge: Dodged            |    45 |    71 ||   116
